 Dungeon Crawl Stone Soup version 0.18-a0-1211-g828307d (webtiles) character file.

3565 4thArraOfDagon the Grappler (level 9, 0/75 HPs)
             Began as a Grey Draconian Wizard on Feb 2, 2016.
             Was an Elder of Cheibriados.
             Slain by a jackal (1 damage)
             ... on level 9 of the Dungeon.
             The game lasted 00:21:54 (3770 turns).

4thArraOfDagon the Grappler (Grey Draconian Wizard) Turns: 3770, Time: 00:21:54

Health: 0/75       AC: 15    Str: 23    XL:     9   Next: 84%
Magic:  5/14       EV: 16    Int: 30    God:    Cheibriados [****..]
Gold:   274        SH:  0    Dex: 20    Spells: 5 memorised, 4 levels left

rFire  . . .     SeeInvis .       - Unarmed
rCold  . . .     Gourm    .     (armour unavailable)
rNeg   . . .     Faith    .     (no shield)
rPois  .         Spirit   .     a - +0 hat
rElec  .         Dismiss  .     v - +1 cloak
rCorr  .         Reflect  .     (no gloves)
SustAt +         Harm     .     (no boots)
MR     .....                    (no amulet)
Stlth  ++........               s - ring of wizardry
                                t - ring of sustain attributes

@: about to teleport, very slightly contaminated, repel missiles, very slow, not
resistant to hostile enchantments, unstealthy
A: walk through water, unfitting armour, shaggy fur 1, slow regeneration 1,
strong 1, wild magic 1, unbreathing, cold-blooded, AC +12
a: Bend Time, Temporal Distortion, Slouch, Renounce Religion


You were on level 9 of the Dungeon.
You worshipped Cheibriados.
Cheibriados was greatly pleased with you.
You were not hungry.

You visited 1 branch of the dungeon, and saw 9 of its levels.

You collected 407 gold pieces.
You spent 133 gold pieces at shops.

Inventory:

Hand Weapons
 f - a +0 spear
 i - a +2 flail of protection
Missiles
 l - 17 poisoned needles
Armour
 a - a +0 hat (worn)
 v - a +1 cloak (worn)
Jewellery
 s - a ring of wizardry (right hand)
 t - a ring of sustain attributes (left hand)
Wands
 y - a wand of flame (9/48)
 E - a wand of disintegration (6/24)
 G - a wand of disintegration (10/24)
 J - a wand of slowing (15/48)
Scrolls
 d - 2 scrolls of enchant armour {unknown}
 e - 2 scrolls of noise
 j - 3 scrolls of recharging {unknown}
 k - 2 scrolls of blinking
 m - 3 scrolls of teleportation
 q - a scroll of remove curse
 r - a scroll of fog
 x - a scroll of immolation {unknown}
 C - a scroll of random uselessness {unknown}
 F - a scroll of fear {unknown}
Potions
 g - 2 potions of flight
 n - 3 potions of curing
 o - 2 potions of heal wounds
 u - 2 potions of lignification
 w - a potion of brilliance {unknown}
 z - 2 potions of poison {unknown}
 B - 2 potions of agility {unknown}
 D - a potion of mutation {unknown}
 H - a potion of might
 I - a potion of invisibility {unknown}
Books
 b - a book of Minor Magic

   Spells                             Type                      Level
   a - Magic Dart                     Conjuration                  1
   b - Blink                          Translocation                2
   c - Call Imp                       Summoning                    2
   d - Repel Missiles                 Charms/Air                   2
   e - Slow                           Hexes                        2
   f - Conjure Flame                  Conjuration/Fire             3
   g - Mephitic Cloud                 Conjuration/Poison/Air       3
 A - a book of Summonings

   Spells                             Type                      Level
   a - Recall                         Summoning/Translocation      3
   b - Aura of Abjuration             Summoning                    5
   c - Summon Demon                   Summoning                    5
   d - Summon Forest                  Summoning/Translocation      5
   e - Summon Mana Viper              Hexes/Summoning              5
   f - Shadow Creatures               Summoning                    6
Comestibles
 c - 2 bread rations
 h - 7 meat rations
 p - 5 fruits


   Skills:
 + Level 6.0 Fighting
 + Level 5.5 Dodging
 - Level 1.7 Stealth
 * Level 9.3 Unarmed Combat
 - Level 3.7 Spellcasting
 - Level 2.9 Conjurations
   Level 1.0 Summonings
 - Level 1.0 Translocations
 + Level 5.9 Invocations


You had 4 spell levels left.
You knew the following spells:

 Your Spells              Type           Power        Failure   Level  Hunger
a - Magic Dart            Conj           ####         2%          1    None
b - Conjure Flame         Conj/Fire      ###.....     11%         3    ##.....
c - Repel Missiles        Chrm/Air       #.....       9%          2    None
d - Blink                 Tloc           N/A          8%          2    None
e - Mephitic Cloud        Conj/Pois/Air  ###.....     12%         3    ##.....


Dungeon Overview and Level Annotations

Branches:
Dungeon (9/15)             Temple (0/1) D:4
   Lair: D:8-11         Orc: D:9-12

Altars:
Cheibriados
Gozag
Okawaru
Pakellas
Qazlal
Ru
The Shining One

Shops:
D:4 ?

Annotations:
D:2 Sigmund, Terence
D:4 Dowan, Duvessa
D:8 exclusion: downstairs


Innate Abilities, Weirdness & Mutations

You can walk through water.
Your dull iron-grey scales are very hard (AC +12).
Your body does not fit into most forms of armour.
You can survive without breathing.
You are cold-blooded and may be slowed by cold attacks.
You are covered in fur (AC +1).
You regenerate slowly when monsters are visible.
Your muscles are strong. (Str +2)
Your spells are a little harder to cast, but a little more powerful.


Message History

Blink to where?
Press: ? - help, Dir - move target cursor, p - worker ant
Okay, then.
Unknown command.
Read which item? (? for menu, Esc to quit)
Blink to where?
Press: ? - help, Dir - move target cursor, p - worker ant
As you read the scroll of blinking, it crumbles to dust.
The jackal barks!
An electric eel comes into view.
Unknown command.
The cyan ugly thing gurgles horribly!
A troll comes into view.
Unknown command.
Evoke which item? (* to show all) (? for menu, Esc to quit)
Okay, then.
Read which item? (? for menu, Esc to quit)
As you read the scroll of teleportation, it crumbles to dust.
You feel strangely unstable. The jackal bites you.
You die...

#.#
#.....(.########(..###
#.# ##.......# #(..†#.
#.# #.....T.<###
#...#.. #.#
#.#........### #..####
#.# #.#...........
#......
#.###.#........##.#
#####.#
#...#.#........# #
#####.#
###.#.#........##..
....#.#
#.#.#...@h.......
......#
#.au.............
......#
#.###.......≈.≈.≈
....... #.#
####...≈≈.≈.;≈≈....).
#.# #...≈≈.≈.≈≈≈≈≈≈...
#.# #Wh≈≈≈≈≈.≈≈≈≈.....
#.# ...≈≈≈≈≈.≈≈≈......
#.# #...≈≈≈≈.≈≈≈≈≈....
#.# #...≈≈≈≈...≈≈≈....


You could see a cyan ugly thing, a troll, a phantom, a wolf, a worker ant and a
jackal.

Vanquished Creatures
  Pikel (D:8)
  A hippogriff (D:8)
  2 humans (D:9)
  A hungry ghost (D:8)
  2 wolves (D:9)
  A water moccasin (D:8)
  2 ice beasts
  2 sky beasts (D:9)
  A phantom (D:4)
  2 ogres (D:8)
  2 centaurs
  A crocodile (D:7)
  8 giant frogs
  A water moccasin zombie (D:7)
  A scorpion (D:3)
  11 killer bees
  An electric eel (D:9)
  A crimson imp (D:7)
  A centaur skeleton (D:7)
  5 hounds
  A jelly (D:9)
  An orc priest (D:8)
  2 worker ants
  A hound zombie (D:7)
  A worker ant zombie (D:7)
  Robin (D:2)
  3 adders
  An ooze (D:2)
  A worm (D:3)
  4 giant geckos
  5 orcs
  4 bats
  2 giant cockroaches
  12 goblins
  12 hobgoblins
  10 jackals
  7 kobolds
  2 quokkas
  3 ball pythons
  5 giant newts
  A quokka zombie (D:6)
  6 rats
132 creatures vanquished.

Notes
Turn   | Place    | Note
--------------------------------------------------------------
     0 | D:1      | 4thArraOfDagon the Draconian Wizard began the quest for the Orb.
     0 | D:1      | Reached XP level 1. HP: 14/14 MP: 4/4
   177 | D:1      | Reached XP level 2. HP: 20/20 MP: 0/6
   499 | D:2      | Reached XP level 3. HP: 23/26 MP: 7/7
   542 | D:2      | Found a snail-covered altar of Cheibriados.
   551 | D:2      | Became a worshipper of Cheibriados the Contemplative
   569 | D:2      | Noticed Terence
   756 | D:2      | Noticed Robin
   778 | D:2      | Killed Robin
   846 | D:2      | Reached * piety under Cheibriados
   867 | D:2      | Noticed Sigmund
  1131 | D:2      | Learned a level 3 spell: Conjure Flame
  1186 | D:2      | Reached XP level 4. HP: 20/33 MP: 3/9
  1327 | D:3      | Reached skill level 1 in Unarmed Combat
  1390 | D:4      | Found a staircase to the Ecumenical Temple.
  1466 | D:3      | Reached XP level 5. HP: 36/38 MP: 6/10
  1495 | D:4      | Noticed a phantom
  1511 | D:4      | Killed a phantom
  1511 | D:4      | Reached skill level 4 in Unarmed Combat
  1514 | D:4      | Found Xett's Magic Scroll Shoppe.
  1520 | D:4      | Bought a scroll of blinking for 105 gold pieces
  1520 | D:4      | Bought a scroll of fog for 28 gold pieces
  1542 | D:3      | Found an oddly glowing altar of Pakellas.
  1560 | D:4      | Reached XP level 6. HP: 39/45 MP: 5/11
  1562 | D:4      | Noticed Duvessa
  1570 | D:4      | Noticed Dowan
  1598 | D:3      | Found a faded altar to an unknown god.
  1717 | D:3      | Found a sacrificial altar of Ru.
  1768 | D:3      | Reached ** piety under Cheibriados
  1907 | D:4      | Found a glowing golden altar of the Shining One.
  1945 | D:5      | Entered Level 5 of the Dungeon
  2089 | D:6      | Found a stormy altar of Qazlal.
  2100 | D:6      | Learned a level 2 spell: Repel Missiles
  2103 | D:6      | Learned a level 2 spell: Blink
  2107 | D:6      | Learned a level 3 spell: Mephitic Cloud
  2157 | D:6      | Reached skill level 1 in Fighting
  2188 | D:6      | Reached skill level 5 in Unarmed Combat
  2188 | D:6      | Reached skill level 1 in Invocations
  2221 | D:6      | Reached XP level 7. HP: 22/53 MP: 12/12
  2221 | D:6      | Your scales start taking on a dull iron-grey colour.
  2221 | D:6      | Gained mutation: You can survive without breathing. [Grey Draconian growth]
  2505 | D:7      | Reached skill level 6 in Unarmed Combat
  2722 | D:8      | Reached XP level 8. HP: 62/62 MP: 10/13
  2751 | D:7      | Noticed Pikel
  2810 | D:8      | Killed Pikel
  2810 | D:8      | Reached skill level 7 in Unarmed Combat
  2828 | D:8      | Reached *** piety under Cheibriados
  3006 | D:7      | Reached XP level 9. HP: 68/72 MP: 14/14
  3067 | D:7      | Reached skill level 8 in Unarmed Combat
  3230 | D:8      | Found an opulent altar of Gozag.
  3323 | D:9      | Found an iron altar of Okawaru.
  3347 | D:9      | Reached skill level 5 in Invocations
  3360 | D:9      | Reached skill level 5 in Fighting
  3408 | D:9      | Reached skill level 5 in Dodging
  3565 | D:9      | Found an oddly glowing altar of Pakellas.
  3565 | D:9      | Reached **** piety under Cheibriados
  3571 | D:9      | Reached skill level 9 in Unarmed Combat
  3578 | D:9      | Gained mutation: You regenerate slowly when monsters are visible. [mutagenic meat]
  3579 | D:9      | Gained mutation: Your spells are a little harder to cast, but a little more powerful. [mutagenic meat]
  3580 | D:9      | Gained mutation: Your muscles are strong. (Str +2) [mutagenic meat]
  3581 | D:9      | Gained mutation: You are covered in fur (AC +1). [mutagenic meat]
  3754 | D:9      | Noticed a cyan ugly thing
  3767 | D:9      | HP: 1/75 [cyan ugly thing (15)]
  3770 | D:9      | Noticed a troll
  3770 | D:9      | Slain by a jackal

Vault maps used:
D:1:      nicolae_arrival_somewhat_less_tricky_arrival, serial_park_tiny_2,
          minmay_misc_feat_tiny, hangedman_abyss_or_decor_lesser_grid
D:2:      makhleb_altar_promises_db, cheibriados_altar_1, minmay_crystal_water,
          corexii_item_surrounded_by_moat, uniq_sigmund, uniq_terence,
          uniq_robin
D:3:      lemuel_upstairs_altar, lemuel_crystal_altar, lemuel_doored_altar,
          nicolae_ru_sacrificial_ziggurat, ecumenical_altar_2, first_bread,
          minmay_misc_feat_encased
D:4:      kennysheep_mini_moat, nicolae_overflow_hidden_temple,
          lemuel_zombie_altar_kikubaaqudgha, temple_fountains, serial_shops,
          shop, kennysheep_another_room, led_sif_book, uniq_duvessa,
          uniq_blork_the_orc
D:5:      lemuel_insect_pit, uniq_grinder, uniq_menkaure
D:6:      old_standard_altar
D:7:      uniq_pikel
D:8:      grunt_gozag_breadcrumbs
D:9:      okawaru_humans, grunt_pakellas_basics, erik_lair_island,
          blue_anna_alchemist

Action                   |  1- 3 |  4- 6 |  7- 9 || total
-------------------------+-------+-------+-------++-------
Melee: Unarmed           |    11 |    83 |   256 ||   350
       Spear             |   180 |    22 |       ||   202
 Cast: Magic Dart        |    23 |    45 |    13 ||    81
       Conjure Flame     |       |     2 |     2 ||     4
       Repel Missiles    |       |     1 |       ||     1
       Mephitic Cloud    |       |       |    24 ||    24
       Blink             |       |       |     2 ||     2
Invok: Bend Time         |       |       |     2 ||     2
Evoke: Wand              |       |       |    14 ||    14
  Use: Potion            |     3 |     1 |       ||     4
       Scroll            |     2 |     3 |     2 ||     7
 Stab: Sleeping          |     3 |     3 |     1 ||     7
       Confused          |       |       |    15 ||    15
  Eat: Chunk             |     1 |     2 |     9 ||    12
       Pizza             |       |       |     1 ||     1
       Beef jerky        |       |       |     1 ||     1
